 Dungeon Crawl Stone Soup version 0.18-a0-824-g47fe746 (webtiles) character file.

894 JokEr the Insei (level 8, -4/55 HPs)
             Began as an Octopode Transmuter on Dec 17, 2015.
             Slain by a killer bee (6 damage)
             ... on level 5 of the Dungeon.
             The game lasted 00:12:01 (7138 turns).

JokEr the Insei (Octopode Transmuter)               Turns: 7138, Time: 00:12:04

Health: -4/55      AC:  1    Str:  9    XL:     8   Next: 6%
Magic:  10/11      EV: 15    Int: 23    God:
Gold:   259        SH:  4    Dex: 12    Spells: 3 memorised, 1 level left

rFire  + . .     SeeInvis .       - Unarmed
rCold  . . .     Gourm    .     (no shield)
rNeg   + . .     Faith    .     (helmet restricted)
rPois  .         Spirit   .     k - +4 amulet of reflection
rElec  .         Dismiss  .     j - ring of protection from fire
rCorr  .         Reflect  +     d - +3 ring of evasion
SustAt .         Harm     .     o - ring of wizardry
MR     .....                    q - ring of positive energy
Stlth  ++........               (no ring)
                                (no ring)
                                (no ring)
                                (no ring)

@: brilliant, lethally poisoned (-4 -> -31), appendage, not resistant to hostile
enchantments, unstealthy
A: almost no armour, amphibious, 8 rings, constrict 8, tentacle spike 3,
camouflage 1, gelatinous body 1
a: End Transformation


You were on level 5 of the Dungeon.
You were not hungry.
One of your tentacles had a temporary spike.
You visited 1 branch of the dungeon, and saw 5 of its levels.

You collected 259 gold pieces.

Inventory:

Missiles
 a - 99 arrows
Jewellery
 d - a +3 ring of evasion (right tentacle)
 j - a ring of protection from fire (left tentacle)
 k - a +4 amulet of reflection (around mantle)
 o - a ring of wizardry (on tentacle)
 q - a ring of positive energy (on tentacle)
Wands
 f - a wand of slowing (20)
 m - a wand of magic darts (28)
 p - a wand of digging (1)
 v - a wand of confusion (27)
Scrolls
 r - 2 scrolls of magic mapping
 u - a scroll of amnesia
 w - a scroll of fear {unknown}
 x - 2 scrolls of enchant weapon {unknown}
Potions
 e - a potion of cure mutation {unknown}
 g - 2 potions of poison {unknown}
 i - 4 potions of curing {unknown}
 n - 2 potions of brilliance
 s - a potion of degeneration {unknown}
 t - a potion of flight {unknown}
 z - a potion of cancellation {unknown}
Books
 b - a book of Changes

   Spells                             Type                      Level
   a - Beastly Appendage              Transmutation                1
   b - Sticks to Snakes               Transmutation                2
   c - Spider Form                    Transmutation/Poison         3
   d - Ice Form                       Ice/Transmutation            4
   e - Blade Hands                    Transmutation                5
Comestibles
 c - 6 bread rations
 h - 3 slices of pizza
 l - 2 meat rations


   Skills:
 + Level 5.2 Fighting
 - Level 2.0 Dodging
 + Level 5.8 Unarmed Combat
 - Level 2.0 Spellcasting
 + Level 5.4 Transmutations


You had one spell level left.
You knew the following spells:

 Your Spells              Type           Power        Failure   Level  Hunger
a - Beastly Appendage     Trmt           #####.       1%          1    #......
b - Ice Form              Ice/Trmt       ####....     6%          4    #####..
c - Blade Hands           Trmt           #####.....   6%          5    ######.


Dungeon Overview and Level Annotations

Branches:
Dungeon (5/15)
 Temple: D:4-7

Altars:
Dithmenos
Elyvilon
Fedhas
Okawaru
Pakellas
Zin

Shops:
D:4 :


Innate Abilities, Weirdness & Mutations

You cannot wear most types of armour.
You are amphibious.
You can wear up to eight rings at the same time.
You can use your tentacles to constrict eight enemies at once.
Your skin changes colour to match your surroundings (Stealth).
Your rubbery body absorbs attacks (AC +1).
One of your tentacles bears a large vicious spike.


Message History

You tentacle-slap the killer bee but do no damage.
Your grab misses the killer bee. Your squeeze misses the killer bee.
The killer bee is lightly wounded.
You feel sick. The killer bee stings you.
You are more poisoned.
The killer bee poisons you! The killer bee closely misses you.
You barely miss the killer bee. Your grab misses the killer bee.
The killer bee is lightly wounded.
* * * LOW HITPOINT WARNING * * *
You feel sick. The killer bee barely misses you. The killer bee stings you.
* * * LOW HITPOINT WARNING * * *
Drink which item? (? for menu, Esc to quit)
It was a potion of brilliance.
You feel clever all of a sudden.
* * * LOW HITPOINT WARNING * * *
You feel very sick. The killer bee stings you!
* * * LOW HITPOINT WARNING * * *
The killer bee stings you.
You die...

##### ...# ..y###
###...... #yy...# ####
#y# #.#
...#########.###@###.#
##........##.........#
##.######.#####......#
#...## #.# ##..###.#
.#.#.####.# .....# #.#
.#.....##.##.##..# #.#
.#.#.#.##.##.#...# #.#
#...##.##.##.#...###.#
##........##.(.......#


You could see 3 killer bees.

Vanquished Creatures
  Sigmund (D:4)
  Menkaure (D:5)
  Edmund (D:4)
  An ogre (D:4)
  The ghost of Uberwunderbarhen the Sneak, an amateur OpAs (D:3)
  2 killer bees (D:5)
  An orc wizard (D:4)
  Crazy Yiuf (D:4)
  8 adders
  A shadow imp (D:5)
  2 oozes
  5 worms
  A giant gecko (D:3)
  8 orcs
  5 ball pythons
  7 bats
  3 giant cockroaches
  9 goblins
  11 hobgoblins
  2 quokkas (D:3)
  13 kobolds
  14 rats
98 creatures vanquished.

Notes
Turn   | Place    | Note
--------------------------------------------------------------
     0 | D:1      | JokEr the Octopode Transmuter began the quest for the Orb.
     0 | D:1      | Reached XP level 1. HP: 13/13 MP: 3/3
   459 | D:1      | Reached XP level 2. HP: 8/18 MP: 3/5
  1274 | D:1      | Reached XP level 3. HP: 20/24 MP: 6/6
  2040 | D:2      | Reached XP level 4. HP: 25/29 MP: 7/7
  2124 | D:2      | Found an oddly glowing altar of Pakellas.
  2190 | D:2      | HP: 1/30 [poisoned by an adder]
  3555 | D:3      | Reached XP level 5. HP: 26/36 MP: 8/8
  3617 | D:3      | Reached skill level 4 in Unarmed Combat
  3749 | D:3      | Found an iron altar of Okawaru.
  3970 | D:3      | Noticed Uberwunderbarhen's ghost (amateur OpAs)
  4001 | D:3      | Killed Uberwunderbarhen's ghost
  4519 | D:3      | Found a white marble altar of Elyvilon.
  4521 | D:3      | Found a glowing silver altar of Zin.
  4529 | D:3      | Reached XP level 6. HP: 35/42 MP: 7/9
  4530 | D:3      | Found a shadowy altar of Dithmenos.
  4723 | D:4      | Found a blossoming altar of Fedhas.
  4827 | D:4      | Noticed Edmund
  4885 | D:4      | Found Ycraoxul's Book Boutique.
  5293 | D:4      | Noticed Crazy Yiuf
  5301 | D:4      | Killed Crazy Yiuf
  5523 | D:4      | Killed Edmund
  5800 | D:4      | Reached skill level 5 in Unarmed Combat
  5800 | D:4      | Reached XP level 7. HP: 15/48 MP: 10/10
  6011 | D:4      | Learned a level 4 spell: Ice Form
  6017 | D:4      | Learned a level 5 spell: Blade Hands
  6090 | D:4      | Noticed Sigmund
  6111 | D:4      | Killed Sigmund
  6711 | D:5      | Entered Level 5 of the Dungeon
  6815 | D:5      | Noticed Menkaure
  6823 | D:5      | Killed Menkaure
  6823 | D:5      | Reached skill level 5 in Fighting
  6823 | D:5      | Reached skill level 5 in Transmutations
  7128 | D:5      | Reached XP level 8. HP: 46/55 MP: 9/11
  7138 | D:5      | HP: 2/55 [killer bee (8)]
  7138 | D:5      | Slain by a killer bee

Vault maps used:
D:1:      shiori_shiawase, kennysheep_pointless_box,
          hangedman_decor_clover_reticule
D:2:      johnstein_pakellas_dig
D:3:      okawaru_ov_weapons_minmay, gammafunk_temple_overflow_claw, first_bread
D:4:      lemuel_crystal_altar, serial_shops, nicolae_shop_trees, uniq_sigmund,
          uniq_crazy_yiuf_cottage, uniq_edmund
D:5:      enter_ossuary_4, uniq_menkaure

Action                   |  1- 3 |  4- 6 |  7- 9 || total
-------------------------+-------+-------+-------++-------
Melee: Unarmed           |    87 |   171 |    43 ||   301
 Cast: Beastly Appendage |     4 |     8 |     2 ||    14
       Ice Form          |       |       |     1 ||     1
  Use: Scroll            |     4 |     3 |     1 ||     8
       Potion            |       |     1 |     1 ||     2
 Stab: Sleeping          |     3 |     6 |     1 ||    10
       Distracted        |     1 |       |       ||     1
  Eat: Chunk             |     3 |     8 |       ||    11
       Bread ration      |       |     1 |     1 ||     2
